 Dungeon Crawl Stone Soup version 0.17-a0-435-gc4df345 (webtiles) character file.

680 krae the Cleaver (level 7, 0/91 HPs)
             Began as a Deep Dwarf Berserker on Apr 4, 2015.
             Was a Believer of Trog.
             Slain by an orc warrior
             ... wielding a +0 war axe
              (7 damage)
             ... in a bailey.
             The game lasted 00:14:39 (1987 turns).

krae the Cleaver (Deep Dwarf Berserker)             Turns: 1987, Time: 00:14:40

Health: 0/91       AC: 15    Str: 28    XL:     7   Next: 34%
Magic:  16/16      EV:  8    Int:  5    God:    Trog [**....]
Gold:   131        SH:  0    Dex: 14    Spells: 0 memorised, 6 levels left

rFire  + . .     SeeInvis .     a - +0 hand axe
rCold  . . .     Rnd*Rage +     i - +1 plate armour
rNeg   . . .     SustAb   .     (no shield)
rPois  .         Gourm    .     n - +0 helmet
rElec  .         Spirit   .     (no cloak)
rCorr  .         Warding  .     m - +0 pair of gloves
rMut   .         Stasis   .     k - +0 pair of boots
MR     ++...                    r - necklace of Bloodlust {*Rage +Rage MR+ Str+2 Int-2 Slay+3 Curse}
Stlth  ..........               x - ring of protection from fire
                                u - ring of magical power

@: berserking, non-regenerating, very quick, very resistant to hostile
enchantments, extremely unstealthy
A: damage resistance, recharge devices, sense surroundings 1, slow healing 3
a: Device Recharging, Burn Spellbooks, Berserk, Trog's Hand, Renounce Religion,
Evoke Berserk Rage


You were in a bailey.
You worshipped Trog.
Trog was pleased with you.
You were not hungry.

You visited 1 branch of the dungeon, and saw 7 of its levels.
You also visited: Bailey.

You collected 131 gold pieces.


Innate Abilities, Weirdness & Mutations

You are resistant to damage.
You can recharge devices by infusing magical energy.
You passively map a small area around you.
You do not heal naturally.


   Skills:
 - Level 2.6 Fighting
 + Level 9.4 Axes
 - Level 2.1 Armour
 - Level 2.1 Dodging


You had 6 spell levels left.
You didn't know any spells.

Inventory:

Hand weapons
 a - a +0 hand axe (weapon)
Missiles
 j - 4 tomahawks of returning (quivered)
Armour
 b - a +0 animal skin
 i - a +1 plate armour (worn)
 k - a +0 pair of boots (worn)
 m - a +0 pair of gloves (worn)
 n - a +0 helmet (worn)
Jewellery
 r - the necklace of Bloodlust (around neck) {*Rage +Rage MR+ Str+2 Int-2 Slay+3 Curse}
   (You found it on level 4 of the Dungeon)

   [amulet of rage]

   It affects your strength (+2).
   It affects your intelligence (-2).
   It affects your accuracy and damage with ranged weapons and melee attacks
   (+3).
   It affects your resistance to hostile enchantments.
   It lets you go berserk.
   It may make you go berserk in combat.
   It may re-curse itself when equipped.
 u - a ring of magical power (left hand)
 x - a ring of protection from fire (right hand)
Magical devices
 c - a wand of heal wounds (2) {!d@v2}
Scrolls
 e - 6 scrolls of identify {@r1}
 q - 2 scrolls of fear
 y - a scroll of immolation {!r}
 E - 2 scrolls of amnesia
Potions
 o - a potion of agility {unknown}
 p - 2 potions of might
 v - a potion of mutation {unknown}
 z - 2 potions of curing {unknown}
 A - a potion of magic {unknown}
 C - 2 potions of cure mutation {unknown}
Books
 g - a book of Burglary
Comestibles
 d - 4 bread rations
 f - 4 fruits
 h - a beef jerky
 l - 4 meat rations
 D - a chunk of flesh

Dungeon Overview and Level Annotations

Branches:
Dungeon (7/15)
 Temple: D:4-7

Altars:
Elyvilon
Sif Muna
Vehumet
Xom

Annotations:
D:4 3 runed doors

#'###≈.≈###'#
#....≈.≈....#
#'###≈.≈###'#
#^...≈.≈....#
#'###≈.≈###'#
#....≈.≈...^#
#'###≈.≈###'#
#....≈.≈K...#
######g######


#ooo# #.K.# #.g.# ##g## * , .go* , o8o , .Kg #.# You could see 5 orc warriors,
an orc, a hobgoblin, 3 goblins and 3 kobolds.


Message History

The orc warrior is lightly wounded.
The kobold moves out of view.
The orc warrior hits you with a war axe!
* * * LOW HITPOINT WARNING * * *
A kobold comes into view.
Here: a hobgoblin, wielding an enchanted war axe and wearing a leather armour A war axe.
There is something else lying underneath.
The floor, spattered with blood.
Unknown command.
Unknown command.
You completely miss the hobgoblin.
The kobold shouts!
You hit the orc warrior.
The orc warrior is moderately wounded.
You closely miss the orc warrior.
The orc warrior is lightly wounded.
The hobgoblin hits you but does no damage.
You slash the hobgoblin!
The necklace of Bloodlust glows a violent red.
You kill the hobgoblin!
Trog accepts your kill.
You closely miss the orc warrior.
The orc warrior is moderately wounded.
You hit the orc warrior but do no damage.
The orc warrior is lightly wounded.
The orc warrior hits you with a war axe!
* * * LOW HITPOINT WARNING * * *
The orc warrior hits you with a war axe!
You die...

Action                   |  1- 3 |  4- 6 |  7- 9 || total
-------------------------+-------+-------+-------++-------
Melee: Hand axe          |    90 |   122 |    13 ||   225
Throw: Tomahawk          |       |       |    12 ||    12
Invok: Berserk           |     2 |     2 |     1 ||     5
       Trog's Hand       |       |     1 |     2 ||     3
Evoke: Wand              |       |     3 |       ||     3
  Use: Scroll            |       |     9 |       ||     9
  Eat: Chunk             |       |     9 |     2 ||    11
       Royal jelly       |       |     1 |       ||     1

Vault maps used:
D:1:      onia_arrival_pyramid, minivault_11, serial_park_tiny_pond
D:2:      first_bread
D:3:      nicolae_overflow_crystal_walls, grunt_ministairs_12
D:4:      old_standard_altar, dk_xom_monty_hall
D:5:      uniq_eustachio
D:6:      evilmike_ruin_ashenzari, makhleb_heckhound_becter
D:7:      kennysheep_mini, lemuel_crystal_altar, temple_fountains,
          enter_bailey_8
Bailey:   bailey_axe_1, bailey

Notes
Turn   | Place    | Note
--------------------------------------------------------------
     0 | D:1      | krae, the Deep Dwarf Berserker, began the quest for the Orb.
     0 | D:1      | Reached XP level 1. HP: 20/20 MP: 1/1
    74 | D:1      | Reached skill level 4 in Axes
    74 | D:1      | Reached XP level 2. HP: 21/27 MP: 2/2
   329 | D:3      | Reached XP level 3. HP: 14/33 MP: 3/3
   551 | D:3      | Reached skill level 5 in Axes
   570 | D:3      | Acquired Trog's second power
   577 | D:3      | Found a radiant altar of Vehumet.
   622 | D:4      | Reached XP level 4. HP: 12/40 MP: 4/4
   743 | D:4      | Found a shimmering altar of Xom.
   798 | D:4      | Found a runed door.
   804 | D:5      | Entered Level 5 of the Dungeon
   867 | D:5      | Reached skill level 6 in Axes
  1088 | D:4      | Reached XP level 5. HP: 26/46 MP: 5/5
  1106 | D:4      | Found a deep blue altar of Sif Muna.
  1373 | D:4      | Found a runed door.
  1373 | D:4      | Found a runed door.
  1381 | D:4      | Found a runed door.
  1391 | D:4      | Found a runed door.
  1395 | D:4      | Reached skill level 7 in Axes
  1398 | D:4      | Found a runed door.
  1406 | D:4      | HP: 2/46 [acid (5)]
  1649 | D:5      | Noticed Eustachio
  1659 | D:5      | Killed Eustachio
  1659 | D:5      | Reached skill level 8 in Axes
  1659 | D:5      | Reached XP level 6. HP: 35/55 MP: 6/6
  1819 | D:7      | Reached XP level 7. HP: 36/61 MP: 7/7
  1821 | D:7      | Reached skill level 9 in Axes
  1871 | D:7      | Found a white marble altar of Elyvilon.
  1891 | D:7      | Found a flagged portal.
  1903 | Bailey   | Entered a bailey
  1987 | Bailey   | HP: 7/91 [orc warrior/war axe (8)]
  1987 | Bailey   | Slain by an orc warrior

Vanquished Creatures
  Eustachio (D:5)
  2 orc warriors
  A giant frog (D:7)
  A crimson imp (D:5)
  An iguana (D:4)
  2 jellies (D:4)
  2 worker ants
  8 adders
  A worm (D:4)
  A giant mite (D:1)
  A giant gecko (D:2)
  An ooze (D:4)
  6 orcs
  3 giant cockroaches
  8 hobgoblins
  2 jackals (D:5)
  10 kobolds
  A sheep (D:4)
  6 bats
  A giant gecko skeleton (D:4)
  4 goblins
  A quokka skeleton (D:4)
  10 rats
74 creatures vanquished.
